Cogmind - Beta 12 @@@ ROGUE MODE // 2023.04.05 @ 23:10:56 Player: Plexion Result: Destroyed by Executioner with Helical Railgun Performance ------------- Evolutions (9) 4500 Regions Visited (33) 6600 Robots Destroyed (275) 1375 Value Destroyed (10952) 10952 Prototype IDs (81) 1620 Alien Tech Used (2) 400 Bonus (6541) 6541 TOTAL SCORE: 31988 Bonus ------- High Alert Combat Kills 50 Follower Combat Kills 492 Aligned with FarCom 300 Met Data Miner 300 Met Imprinter 300 Destroyed Z-Imprinter 1000 Triggered Deep Caves Wall 500 Exposed GOLEM Chamber 500 Met Zhirov 300 Met Warlord at Base 500 MAIN.C Attacked Warlord 500 Warlord Defense Kills 3278 Met Warlord at Research 2000 Scanned by Researcher 500 Friendly Fire -3979 Cogmind --------- Core Integrity 0/1600 Matter 300/300 Energy 99/100 System Corruption 4% Temperature Cool (0) Movement Core (50) Location -1/Command Parts ------- > --- POWER (2) -------- (None) > --- PROPULSION (7) --- (None) > --- UTILITY (14) ----- (None) > --- WEAPON (2) ------- (None) > --- INVENTORY (5) ---- Zionite Biocell (600) Long-range Sensor Array AEGIS Remote Shield Minesniffer Drone Bay (4/10) Field Lobotomy Kit (1) Peak State ------------ > --- POWER ------------ Reinforced Antimatter Reactor Light Quantum Reactor > --- PROPULSION ------- Combat Antigrav System Combat Antigrav System Combat Antigrav System Combat Antigrav System Antigrav Array Combat Linear Gravjet > --- UTILITY ---------- Assembled Nanovents Assembled Nanovents Assembled Biocell Array Experimental Optical Array Long-range Sensor Array Surveybot 24 Chip Experimental Core Analyzer Experimental Core Analyzer Centrium Light Armor Plating Centrium Light Armor Plating Medium Insulated Plating Drone Bay > --- WEAPON ----------- Rocket Array Plasma Lance > --- INVENTORY -------- Zionite Biocell Graphene Brace AEGIS Remote Shield Minesniffer Drone Bay Field Lobotomy Kit [Rating: 186] Favorites ----------- Power Assembled Flux Generator Engine Improved Ion Engine Power Core Reinforced Fission Core Reactor Assembled Flux Generator Propulsion Light Treads Treads Light Treads Leg Assembled Alloy Leg Wheel Armored Huge Wheel Hover Unit Combat Linear Gravjet Utility High-capacity Storage Unit Device GOLEM Unit Storage High-capacity Storage Unit Processor Experimental Targeting Computer Hackware Hacking Suite Protection Hardened Light Armor Plating Weapon Assembled Focal Cannon Energy Gun Small Laser Energy Cannon Assembled Focal Cannon Ballistic Gun Minigun Launcher Rocket Array Special Weapon Improved Plasma Cutter Impact Weapon Great Maul Slashing Weapon Axe Piercing Weapon Plasma Lance Build | -11 -10 -10 -9 -9 -9 -8 -8 -7 -7 -7 -7 -6 -6 -6 -6 -6 -6 -5 -5 -5 -5 -5 -4 -4 -4 -4 -4 -3 -3 -3 -2 -1 -1 ------- Run | Jun Mat Min Mat Min Exi Min Mat Fac Low Low Dat Pro Fac Low Low Zio Dee Pro Fac Upp Upp Zhi Pro Fac Upp Upp War Pro Res Tes Res Acc Com Slots Evolved 18 | . . . 2 . . . 2 2 . . . . 2 . . . . . 2 . . . . 2 . . . . 2 . 2 2 . Power 1 | . . . . . . . . . . . . . 1 . . . . . . . . . . . . . . . . . . . . Propulsion 5 | . . . 1 . . . 1 . . . . . . . . . . . . . . . . 1 . . . . 1 . 1 . . Utility 12 | . . . 1 . . . 1 2 . . . . 1 . . . . . 2 . . . . 1 . . . . 1 . 1 2 . Weapon . | . . . . . . . . . . . . . . . . . . . . . . . . . . . . . . . . . . Parts Attached 319 | 6 5 2 19 5 18 5 9 11 9 4 . 2 8 13 6 6 52 4 9 6 5 11 3 3 . 1 11 16 12 27 28 2 1 Power 27 | 1 1 . 1 . 1 . . . . . . . 1 2 1 . 5 . . . . . . . . . . 5 . 6 3 . . Engine 5 | 1 1 . 1 . . . . . . . . . . . 1 . 1 . . . . . . . . . . . . . . . . Core 5 | . . . . . 1 . . . . . . . 1 1 . . . . . . . . . . . . . 1 . 1 . . . Reactor 17 | . . . . . . . . . . . . . . 1 . . 4 . . . . . . . . . . 4 . 5 3 . . Propulsion 63 | 2 . . 9 . 4 1 3 6 . 1 . . 1 . 3 . 14 . 1 . . . . . . 1 . 5 1 2 9 . . Treads 28 | 2 . . 9 . 3 . . 3 . 1 . . 1 . 3 . 3 . 1 . . . . . . 1 . . . . 1 . . Leg 4 | . . . . . 1 . 3 . . . . . . . . . . . . . . . . . . . . . . . . . . Wheel 4 | . . . . . . 1 . 3 . . . . . . . . . . . . . . . . . . . . . . . . . Hover 27 | . . . . . . . . . . . . . . . . . 11 . . . . . . . . . . 5 1 2 8 . . Flight . | . . . . . . . . . . . . . . . . . . . . . . . . . . . . . . . . . . Utility 134 | 1 2 2 3 1 7 1 4 3 3 . . . 3 3 . 2 22 2 7 4 3 6 . 3 . . 8 5 7 15 14 2 1 Device 48 | . . 1 . 1 2 . . 1 1 . . . . . . 1 7 . 2 2 1 4 . 1 . . 3 1 2 9 8 1 . Storage 8 | 1 1 . . . 1 . . . . . . . . . . . 1 1 . . . 1 . . . . 1 1 . . . . . Processor 13 | . . . 1 . 1 . . . . . . . 1 . . 1 . . 1 . . . . 2 . . 1 . . . 3 1 1 Hackware 7 | . . . . . . . . 1 . . . . 1 . . . . . 2 . . . . . . . . 1 1 1 . . . Protection 58 | . 1 1 2 . 3 1 4 1 2 . . . 1 3 . . 14 1 2 2 2 1 . . . . 3 2 4 5 3 . . Artifact . | . . . . . . . . . . . . . . . . . . . . . . . . . . . . . . . . . . Weapon 95 | 2 2 . 6 4 6 3 2 2 6 3 . 2 3 8 2 4 11 2 1 2 2 5 3 . . . 3 1 4 4 2 . . Energy Gun 4 | 1 1 . . . . . . . . . . . . . . . 1 . . . . . . . . . . . . 1 . . . Energy Cannon 7 | . . . . . . . . . 1 . . . . . . . 1 . . . 1 . . . . . . . 1 3 . . . Ballistic Gun 38 | 1 1 . 6 2 1 2 1 1 3 1 . 2 2 7 1 1 5 . . . . . . . . . . . 1 . . . . Ballistic Cannon . | . . . . . . . . . . . . . . . . . . . . . . . . . . . . . . . . . . Launcher 21 | . . . . 2 . 1 . . 1 1 . . . . . 2 1 1 1 2 1 2 2 . . . 2 . 1 . 1 . . Special Weapon 8 | . . . . . 1 . . . . . . . . . . . 2 . . . . 2 . . . . 1 1 1 . . . . Impact Weapon 11 | . . . . . . . . 1 1 1 . . 1 1 1 1 1 1 . . . 1 1 . . . . . . . . . . Slashing Weapon 5 | . . . . . 4 . 1 . . . . . . . . . . . . . . . . . . . . . . . . . . Piercing Weapon 1 | . . . . . . . . . . . . . . . . . . . . . . . . . . . . . . . 1 . . Special Melee Weapon . | . . . . . . . . . . . . . . . . . . . . . . . . . . . . . . . . . . Unidentified Prototypes 35 | . . 1 . . 4 . . . 1 . . . 1 . . 3 7 . . . . 2 . . . . 3 2 2 4 5 . . Parts Lost 88 | . 3 . . . 8 3 . . 2 . . . . . 2 . 20 . . . 1 . . 1 . . 1 . 1 16 8 6 16 Power 13 | . 1 . . . 1 . . . . . . . . . . . 5 . . . . . . . . . . . . 4 1 . 1 Propulsion 25 | . . . . . 4 1 . . . . . . . . 1 . 6 . . . . . . . . . 1 . . 5 1 . 6 Utility 38 | . . . . . 2 1 . . 2 . . . . . . . 7 . . . 1 . . 1 . . . . 1 6 4 4 9 Weapon 12 | . 2 . . . 1 1 . . . . . . . . 1 . 2 . . . . . . . . . . . . 1 2 2 . Highest Loss Streak 16 | . 2 . . . 8 3 . . 2 . . . . . 1 . 11 . . . 1 . . 1 . . 1 . 1 9 4 3 16 To Critical Strikes 6 | . . . . . 4 . . . . . . . . . . . . . . . . . . . . . . . . 1 1 . . Average Slot Usage (%) 88 | . 93 100 99 100 97 87 99 91 91 89 84 91 91 92 91 87 91 85 85 81 81 72 82 76 78 80 83 88 94 82 63 77 61 Engine 2 | . 13 14 11 11 9 . . . . . . . . . . 6 2 . . . . . . . . . . . . . . . . Core 2 | . . . . . . 11 9 7 7 7 7 7 13 6 6 6 . . . . . . . . . . . . . 2 . . . Reactor 3 | . . . . . . . . . . . . . . 5 5 . 6 6 5 5 5 5 5 5 5 5 5 8 9 5 6 4 3 Treads 11 | . 28 28 32 33 31 15 1 10 15 14 15 15 13 13 13 13 3 13 8 5 5 5 5 5 5 6 9 1 . . . . . Leg 5 | . . . . . . 11 32 5 . . . . . . . . 2 13 11 11 11 10 11 10 10 10 10 2 . . 4 . . Wheel 1 | . . . . . . 1 1 6 7 7 7 7 6 6 6 6 . . . . . . . . . . . . . . . . . Hover 4 | . . . . . . . . . . . . . . . . . 16 . . . . . . . . . . 19 28 23 18 24 21 Device 8 | . . . . 2 9 . . 6 7 15 15 15 13 13 13 6 9 6 11 8 11 16 17 14 10 10 9 10 12 15 11 17 14 Storage 8 | . 14 14 11 11 11 11 9 7 7 7 7 7 6 6 6 6 6 12 11 11 11 11 11 10 10 10 10 10 9 8 3 . . Processor 9 | . . . 10 8 . 11 9 7 7 7 7 7 11 13 13 18 10 6 10 11 6 5 5 9 15 15 15 11 9 8 6 17 18 Protection 12 | . 7 14 10 11 11 4 17 14 21 15 15 15 11 10 13 13 17 12 10 13 14 10 11 10 10 10 9 9 10 5 5 10 3 Energy Cannon 3 | . . . . . . . . . . . . . . . . . 2 6 10 10 10 . 10 10 10 10 9 5 7 8 2 . . Ballistic Gun 7 | . 11 14 21 21 16 11 17 14 14 12 . 14 9 11 11 3 2 . . . . . . . . . . . . . . . . Impact Weapon 1 | . . . . . . . . . . 1 7 . 2 1 . 5 4 5 . . . 1 . . . . . . . . . . . Naked Turns 3 | . . . . . . . . . . . . . . . . . . . . . . . . . . . . . . . . . 3 Heaviest Build 139 | 14 29 28 36 41 70 70 107 79 88 88 80 88 94 90 90 85 109 110 126 126 129 127 135 139 133 133 137 136 104 108 73 58 32 Greatest Support 104 | 40 40 40 63 63 63 46 71 71 28 28 28 28 28 28 42 28 60 60 60 60 60 60 60 60 60 60 60 90 104 104 104 104 64 Greatest Overweight (x) 10 | . . . . . 1 6 10 2 3 3 2 3 3 3 3 3 10 1 2 2 2 2 2 2 2 2 2 8 . 2 4 . 1 Average Overweight (x) 1 | . . . . . . 2 2 1 2 2 2 3 2 2 2 2 1 1 1 1 1 1 1 2 2 2 2 . . . . . . Largest Inventory Capacity 20 | 8 15 15 15 15 20 20 20 20 20 20 20 20 20 20 20 20 20 20 20 20 20 20 20 20 20 20 20 20 20 20 5 5 5 Average Capacity 18 | 7 14 15 15 15 19 20 20 20 20 20 20 20 20 20 20 20 20 19 20 20 20 20 20 20 20 20 20 19 20 19 5 5 5 Most Carried 20 | 2 5 7 15 15 20 20 20 20 20 19 18 19 20 20 20 20 20 20 20 20 20 20 20 20 19 19 20 20 20 19 5 5 5 Average Carried 16 | 1 3 6 14 15 16 18 19 19 17 17 18 18 19 19 19 19 18 19 18 19 19 19 19 19 18 18 19 19 18 13 4 4 4 Final Capacity 20 | 8 15 15 15 15 20 20 20 20 20 20 20 20 20 20 20 20 20 20 20 20 20 20 20 20 20 20 20 20 20 5 5 5 5 Final Carried 20 | 2 5 7 15 15 20 19 20 20 18 18 18 19 20 20 15 20 20 20 17 19 20 20 20 19 19 19 20 20 18 5 5 4 5 Class Distribution -------------------- 42% | Scavenger-Mutant 26% | Mutant 25% | Golem Dominant Class ---------------- Mutant | -10/Materials Mutant | -10/Mines Mutant | -9/Materials Mutant | -9/Mines Mutant | -9/Exiles Mutant | -8/Mines Mutant | -8/Materials Scavenger-Mutant | -7/Factory Scavenger-Mutant | -7/Lower Caves Scavenger-Mutant | -7/Lower Caves Scavenger-Mutant | -7/Data Miner Scavenger-Mutant | -6/Proximity Caves Scavenger-Mutant | -6/Factory Scavenger-Mutant | -6/Lower Caves Scavenger-Mutant | -6/Lower Caves Scavenger-Mutant | -6/Zion Scavenger-Mutant | -6/Deep Caves Golem | -5/Proximity Caves Golem | -5/Factory Golem | -5/Upper Caves Golem | -5/Upper Caves Golem | -5/Zhirov Golem | -4/Proximity Caves Golem | -4/Factory Golem | -4/Upper Caves Golem | -4/Upper Caves Golem | -4/Warlord Scavenger-Mutant | -3/Proximity Caves Scavenger-Mutant | -3/Research Scavenger-Mutant | -3/Testing Scavenger-Mutant | -2/Research Scavenger-Mutant | -1/Access Scavenger-Mutant | -1/Command Resources | -11 -10 -10 -9 -9 -9 -8 -8 -7 -7 -7 -7 -6 -6 -6 -6 -6 -6 -5 -5 -5 -5 -5 -4 -4 -4 -4 -4 -3 -3 -3 -2 -1 -1 ----------- Run | Jun Mat Min Mat Min Exi Min Mat Fac Low Low Dat Pro Fac Low Low Zio Dee Pro Fac Upp Upp Zhi Pro Fac Upp Upp War Pro Res Tes Res Acc Com Matter Collected 6640 | 260 129 . 863 246 473 59 616 274 326 100 . 133 43 351 192 30 761 120 . 170 117 114 122 15 10 10 182 209 160 237 317 1 . Remotely . | . . . . . . . . . . . . . . . . . . . . . . . . . . . . . . . . . . Salvage Created 13621 | . 833 . 1598 371 113 59 702 534 454 128 . 50 43 486 148 . 660 71 . 492 138 330 739 308 200 253 1026 1255 563 1729 338 . . Parts 680 | . 54 . 119 32 6 13 39 28 14 14 . 3 2 21 5 . 47 6 . 16 6 30 28 16 9 8 28 30 34 63 9 . . Haulers Intercepted 7 | . 2 . 3 . . . 1 1 . . . . . . . . . . . . . . . . . . . . . . . . . Recyclers Shooed 4 | . . . . . . 1 . 1 . . . . . . . . . . . . . . . . . . . . 1 1 . . . Parts Field Recycled . | . . . . . . . . . . . . . . . . . . . . . . . . . . . . . . . . . . Retrieved Matter . | . . . . . . . . . . . . . . . . . . . . . . . . . . . . . . . . . . Parts Self-Destructed 177 | . . . . . . . . . 12 8 . 13 . 25 11 . . 5 . 15 7 28 29 . 12 6 . 6 . . . . . Prevented 12 | . . . . . . . . . . . . . . . 5 . . . . . . . . . 1 6 . . . . . . . Kills | -11 -10 -10 -9 -9 -9 -8 -8 -7 -7 -7 -7 -6 -6 -6 -6 -6 -6 -5 -5 -5 -5 -5 -4 -4 -4 -4 -4 -3 -3 -3 -2 -1 -1 ------- Run | Jun Mat Min Mat Min Exi Min Mat Fac Low Low Dat Pro Fac Low Low Zio Dee Pro Fac Upp Upp Zhi Pro Fac Upp Upp War Pro Res Tes Res Acc Com Combat Hostiles Destroyed 225 | . 12 . 35 15 1 4 16 7 8 6 . 1 1 8 3 . 10 3 . 8 6 . 12 4 4 5 26 . 12 14 4 . . Melee 2 | . . . . . 1 . . . . 1 . . . . . . . . . . . . . . . . . . . . . . . Guns 99 | . 12 . 35 8 . 1 16 7 5 1 . 1 1 8 2 . 2 . . . . . . . . . . . . . . . . Cannons 52 | . . . . . . . . . . . . . . . . . . 1 . 6 1 . 9 4 4 5 10 . 5 6 1 . . AOE 57 | . . . . 7 . 3 . . 3 4 . . . . . . 7 2 . 2 5 . 3 . . . 16 . 4 . 1 . . Classes Destroyed 26 | . 7 . 3 1 . . . 1 2 1 . . . 1 . . 3 1 . 1 . . . . . . 3 1 . 1 . . . Worker 11 | . 4 . 3 . . . 2 1 . . . . . . . . . . . . . . . . . . . . 1 . . . . Builder 4 | . 1 . . 1 . 1 . . . . . . . . . . . . . . . . . . . . . . 1 . . . . Hauler 7 | . 2 . 3 . . . 1 1 . . . . . . . . . . . . . . . . . . . . . . . . . Recycler 8 | . . . 2 1 . . . 1 . . . . . . . . . . . . . . . . . . . . . 4 . . . Mechanic 3 | . 1 . 1 . . . . . . . . . . . . . . . . . . . . . . . 1 . . . . . . Operator 6 | . 1 . 4 . . . 1 . . . . . . . . . . . . . . . . . . . . . . . . . . Drone 2 | . . . . . . . . . . . . . . . . . . 2 . . . . . . . . . . . . . . . Watcher 6 | . 2 . 1 . . . 1 . . . . . . . . . . . . . . . . . . . . . 1 1 . . . Swarmer 61 | . . . 14 9 . 4 7 . 1 4 . . . . . . . . . 1 4 . . . 2 2 4 . 9 . . . . Saboteur 1 | . . . . . . . . . . . . . . . . . . . . . . . . . . . 1 . . . . . . Grunt 87 | . 12 . 13 5 . . 7 2 2 . . . . 7 1 . . . . 4 . . 7 4 . 1 10 . 2 6 4 . . Brawler 6 | . . . . . . . . . 3 . . . . . . . . . . . . . . . . . 2 . . 1 . . . Duelist 4 | . . . . . . . . . . . . . . 1 . . . . . . . . 2 . . . . . . 1 . . . Protector 3 | . . . . 1 . . . . . . . . . . . . . . . . . . . . . . 2 . . . . . . Researcher 1 | . . . . . . . . . . . . . . . . . . . . . . . . . . . . . . 1 . . . Sentry 20 | . . . 8 . . . 2 2 1 1 . . . . 1 . . . . 1 1 . 1 . . 1 . . 1 . . . . Specialist 1 | . . . . . . . . . . . . . . . . . . . . . . . . . . . 1 . . . . . . Hunter 11 | . . . . . . . . . 1 . . . . . . . . 1 . 1 . . . . 2 . 4 . . 2 . . . Programmer 12 | . . . . . . . . 3 . . . 1 1 . . . . . . . . . 2 . . 1 . . . 4 . . . Behemoth 2 | . . . . . . . . . . . . . . . . . . . . 1 . . . . . . 1 . . . . . . Enhanced Demolisher 3 | . . . . . . . . . . . . . . . . . . . . . . . . . . . . 3 . . . . . Executioner 1 | . . . . . . . . . . . . . . . . . . . . . . . . . . . 1 . . . . . . Z-Technician 3 | . . . . . . . . . . . . . . . . . 3 . . . . . . . . . . . . . . . . Z-Light 8 | . . . . . . . . . . . . . . . . . 8 . . . . . . . . . . . . . . . . Master Thief 3 | . . . . . . . . . . 1 . . . . 1 . . . . . 1 . . . . . . . . . . . . Assembler 1 | . . . . . . . . . . . . . . . . . 1 . . . . . . . . . . . . . . . . Golem 1 | . . . . . . . . . . . . . . . . . 1 . . . . . . . . . . . . . . . . Best Kill Streak 10 | . 3 . 6 5 1 4 4 2 4 5 . 1 1 4 1 . 4 2 . 3 4 . 3 4 2 3 10 . 6 8 4 . . Combat Bots Only 10 | . 3 . 4 4 1 4 4 2 4 5 . 1 1 4 1 . 4 2 . 3 4 . 3 4 2 3 10 . 5 3 4 . . Max Kills in Single Turn 6 | . 2 . 2 4 1 3 1 1 2 2 . 1 1 1 1 . 1 1 . 2 3 . 2 1 1 1 4 1 6 1 2 . . Gunslinging 1 | . . . 1 . . . . . . . . . . . . . . . . . . . . . . . . . . . . . . Exploded 4 | . . . . 3 . 3 . . 2 2 . . . . . . 1 1 . 2 3 . 2 . . . 4 . 4 . 1 . . Melee 1 | . . . . . 1 . . . . 1 . . . . . . . . . . . . . . . . . . . . . . . Uniques/NPCs Destroyed 2 | . . . . . 1 . . . . . . . . . . . 1 . . . . . . . . . . . . . . . . 8R-AWN (-9/Exiles) Z-Imprinter (-6/Deep Caves) Combat | -11 -10 -10 -9 -9 -9 -8 -8 -7 -7 -7 -7 -6 -6 -6 -6 -6 -6 -5 -5 -5 -5 -5 -4 -4 -4 -4 -4 -3 -3 -3 -2 -1 -1 -------- Run | Jun Mat Min Mat Min Exi Min Mat Fac Low Low Dat Pro Fac Low Low Zio Dee Pro Fac Upp Upp Zhi Pro Fac Upp Upp War Pro Res Tes Res Acc Com Damage Taken 22179 | . 588 . 837 372 954 85 587 594 225 128 . 48 . 497 397 . 2948 301 . 898 246 . 269 174 208 138 1362 156 1731 2792 1659 1039 2946 Core 3557 | . 44 . 154 39 98 . 41 38 6 6 . 24 . 13 6 . 521 26 . 141 23 . 33 . . 39 91 . 184 206 194 42 1588 Absorbed by Shields 2785 | . . . . 50 45 . . . . 51 . 16 . 177 167 . . . . . . . 212 187 206 146 1155 . . . . . 373 Redirected to Shielding 49 | . . . . . . . . . . . . . . . . . 49 . . . . . . . . . . . . . . . . Regen/Repaired (Parts) 288 | . . . 138 . . . . . . . . . . . . . . . . . . . . . . . 150 . . . . . . Core Remaining (%) 74 | 100 . 82 . . . 27 92 . . . . 89 . . . . . 33 . . . . 80 . . . . 88 . 63 86 . . Volleys Fired 887 | . 68 . 102 32 3 9 60 31 11 5 . 2 4 20 14 . 63 28 3 23 8 37 25 15 11 11 76 72 62 86 6 . . Largest 2 | . 2 . 2 2 2 2 2 2 2 2 . 2 2 2 2 . 2 1 1 2 2 1 2 2 2 2 2 1 2 2 2 . . Hottest 175 | . 80 . 50 50 45 50 50 50 60 60 . 60 53 60 58 . 63 45 25 50 106 20 50 50 50 50 50 25 114 119 175 . . Shots Fired 1402 | . 133 . 204 59 6 15 120 63 19 7 . 4 8 53 24 . 80 28 3 41 12 37 48 30 22 22 118 74 63 97 12 . . Gun 744 | . 133 . 204 54 3 14 120 63 16 4 . 4 8 53 24 . 39 . . . . . . . . . . . 5 . . . . Cannon 510 | . . . . . . . . . . . . . . . . . 11 26 3 40 8 . 46 30 22 22 108 29 56 97 12 . . Launcher 41 | . . . . 5 . 1 . . 3 3 . . . . . . 13 2 . 1 4 . 2 . . . 6 . 1 . . . . Special 107 | . . . . . 3 . . . . . . . . . . . 17 . . . . 37 . . . . 4 45 1 . . . . Kinetic 666 | . 55 . 204 54 3 14 120 63 16 4 . 4 8 53 24 . 39 . . . . . . . . . . . 5 . . . . Thermal 580 | . 48 . . . 3 . . . . . . . . . . . 17 26 3 40 6 37 46 30 22 22 108 74 46 52 . . . Explosive 41 | . . . . 5 . 1 . . 3 3 . . . . . . 13 2 . 1 4 . 2 . . . 6 . 1 . . . . Electromagnetic 111 | . 30 . . . . . . . . . . . . . . . 11 . . . 2 . . . . . . . 11 45 12 . . Robot Hit Streak 30 | . 12 . 21 10 3 15 17 26 13 2 . 5 8 15 13 . 24 8 . 25 3 30 11 9 11 17 18 12 8 15 6 . . Robot Miss Streak 4 | . 4 . 3 4 1 . 2 3 2 3 . . 1 2 1 . 2 3 . 4 2 1 2 2 1 1 2 3 2 2 2 . . Penetration Max 1 | . . . . . . . . . 1 . . . . . . . 1 . . . . . . . . . . . . . . . . Secondary Targets 7 | . 2 . 1 1 . . . . . . . . . 1 1 . 1 . . . . . . . . . . . . . . . . Max Gunslinging Chain 1 | . 1 . 1 1 . . . . . . . . . 1 1 . 1 . . . . . . . . . . . . . . . . Autonomous 16 | . . . . . . . . . . . . . . 16 . . . . . . . . . . . . . . . . . . . Shots Hit Robots 978 | . 87 . 141 36 38 12 87 47 12 5 . 3 5 40 23 . 51 9 . 32 8 35 33 21 16 18 65 49 29 67 9 . . Core Hits 578 | . 45 . 59 19 5 6 36 20 17 7 . 2 2 20 4 . 41 3 . 13 15 7 34 8 6 5 131 25 25 18 5 . . Critical Kills 8 | . . . . 1 . . . . 3 1 . . . 1 . . 2 . . . . . . . . . . . . . . . . Critical Parts Destroyed 18 | . . . 5 . . . . . 1 . . 1 . 2 6 . 3 . . . . . . . . . . . . . . . . Critical Strikes 35 | . . . 5 1 1 . . . 4 2 . 1 . 3 6 . 7 . . . . 1 . . . . . 2 1 1 . . . Destroy 28 | . . . 5 1 . . . . 4 2 . 1 . 3 5 . 7 . . . . . . . . . . . . . . . . Corrupt 2 | . . . . . . . . . . . . . . . . . . . . . . . . . . . . . 1 1 . . . Smash 1 | . . . . . . . . . . . . . . . 1 . . . . . . . . . . . . . . . . . . Sever 4 | . . . . . 1 . . . . . . . . . . . . . . . . 1 . . . . . 2 . . . . . Melee Attacks 76 | . . . . . 44 . 2 3 1 5 . . 3 3 3 4 6 . . . . . . . . . . . . . 1 1 . Impact 28 | . . . . . . . . 3 1 5 . . 3 3 3 4 6 . . . . . . . . . . . . . . . . Slashing 46 | . . . . . 44 . 2 . . . . . . . . . . . . . . . . . . . . . . . . . . Piercing 2 | . . . . . . . . . . . . . . . . . . . . . . . . . . . . . . . 1 1 . Sneak Attacks . | . . . . . . . . . . . . . . . . . . . . . . . . . . . . . . . . . . Combat Hostiles . | . . . . . . . . . . . . . . . . . . . . . . . . . . . . . . . . . . Follow-up Attacks 8 | . . . . . 8 . . . . . . . . . . . . . . . . . . . . . . . . . . . . Damage Inflicted 33670 | . 1140 . 2505 1047 1225 366 1599 884 631 488 . 44 116 906 466 . 1663 385 . 1565 813 670 2122 1012 708 824 5707 1277 1782 3042 678 . 5 Guns 8768 | . 1013 . 2310 592 40 220 1463 864 190 39 . 44 116 906 363 . 525 . . . . . . . . . . . 83 . . . . Cannons 14298 | . . . . . . . . . . . . . . . . . 145 302 . 1418 271 . 1484 1012 708 824 2953 722 1058 3042 359 . . Explosions 7422 | . 107 . 130 447 . 146 . . 441 320 . . . . . . 846 83 . 147 542 . 638 . . . 2754 . 508 . 313 . . Melee 1411 | . . . . . 1179 . . . . 129 . . . . 103 . . . . . . . . . . . . . . . . . . Ramming 398 | . 20 . 65 8 3 . 136 20 . . . . . . . . . . . . . . . . . . . 2 133 . 6 . 5 Kinetic 8073 | . 318 . 2310 592 40 220 1463 864 190 39 . 44 116 906 363 . 525 . . . . . . . . . . . 83 . . . . Thermal 14188 | . 524 . 130 . 3 . . . . . . . . . . . 147 302 . 1418 242 670 1484 1012 708 824 2953 1275 700 1483 313 . . Explosive 6872 | . . . . 447 . 146 . . 441 320 . . . . . . 846 83 . 147 542 . 638 . . . 2754 . 508 . . . . Electromagnetic 2728 | . 278 . . . . . . . . . . . . . . . 145 . . . 29 . . . . . . . 358 1559 359 . . Impact 232 | . . . . . . . . . . 129 . . . . 103 . . . . . . . . . . . . . . . . . . Slashing 1179 | . . . . . 1179 . . . . . . . . . . . . . . . . . . . . . . . . . . . . Piercing . | . . . . . . . . . . . . . . . . . . . . . . . . . . . . . . . . . . Highest Corruption 29 | . . . . . . . . 4 4 4 4 4 1 1 1 1 . . 1 1 1 1 1 . . . 1 1 2 29 . 1 4 Average Corruption 2 | . . . . . . . . 3 4 4 4 4 1 1 1 1 . . 1 1 1 1 1 . . . 1 1 1 13 . 1 1 Corruption Purged . | . . . . . . . . . . . . . . . . . . . . . . . . . . . . . . . . . . Corruption Blocked 120 | . . . . . . . . . . . . . . . . . . . . . . . . . . . 1 . . 15 62 42 . Effects 139 | . . . . . . . . 20 20 8 3 11 1 3 7 1 . . . 5 . 3 7 . . . 3 9 . 38 . . . Message Errors 43 | . . . . . . . . 7 6 . 1 4 . 3 1 1 . . . 2 . 1 1 . . . 1 4 . 11 . . . Matter Fused 34 | . . . . . . . . 3 7 3 1 2 1 . 3 . . . . 1 . 1 3 . . . . 2 . 7 . . . Heat Flow Errors 9 | . . . . . . . . 1 1 . . 4 . . 1 . . . . . . . 1 . . . . . . 1 . . . Energy Discharges 10 | . . . . . . . . 1 . . . . . . 1 . . . . 2 . . 2 . . . . 1 . 3 . . . Parts Rejected 4 | . . . . . . . . 2 . 1 . . . . . . . . . . . . . . . . . . . 1 . . . Parts Fused 2 | . . . . . . . . 1 1 . . . . . . . . . . . . . . . . . . . . . . . . Data Loss (minor) 13 | . . . . . . . . 1 2 1 1 . . . 1 . . . . . . . . . . . 2 . . 5 . . . Data Loss (major) 8 | . . . . . . . . 1 1 2 . 1 . . . . . . . . . . . . . . . . . 3 . . . Misfires 7 | . . . . . . . . 2 1 . . . . . . . . . . . . . . . . . . 2 . 2 . . . Alerts 3 | . . . . . . . . . . 1 . . . . . . . . . . . 1 . . . . . . . 1 . . . Misdirections 1 | . . . . . . . . . . . . . . . . . . . . . . . . . . . . . . 1 . . . Weapon Failures 5 | . . . . . . . . 1 1 . . . . . . . . . . . . . . . . . . . . 3 . . . Overload Shots . | . . . . . . . . . . . . . . . . . . . . . . . . . . . . . . . . . . Overflow Damage 1061 | . 24 . 60 48 . 12 . . 2 21 . . . . 15 . 52 12 . . 41 1 75 42 27 82 66 182 67 232 . . . Projectiles 741 | . . . . . . . . . . . . . . . . . 4 2 . . 8 1 75 42 27 82 66 182 20 232 . . . Explosions 270 | . 24 . 60 48 . 12 . . 2 21 . . . . . . 48 10 . . 33 . . . . . . . 12 . . . . Melee 50 | . . . . . . . . . . . . . . . 15 . . . . . . . . . . . . . 35 . . . . Knockbacks 5 | . . . . . . . 2 1 . 1 . . . . . . . . . . . . . . . . . . 1 . . . . Impact 5 | . . . . . . . 2 1 . 1 . . . . . . . . . . . . . . . . . . 1 . . . . Kinetic . | . . . . . . . . . . . . . . . . . . . . . . . . . . . . . . . . . . Secondary . | . . . . . . . . . . . . . . . . . . . . . . . . . . . . . . . . . . Self-Inflicted Damage 868 | . 80 . . 20 . 40 . 10 36 . . . . . . . 249 . . 13 170 . 11 . . . 57 1 82 . 97 . 2 Shots 27 | . 1 . . 1 . 1 . . 2 . . . . . . . 6 . . 1 9 . 1 . . . 3 . 1 . 1 . . Rammed 28 | . 5 . 11 2 1 . . 1 . . . . . . . . . . . . . . . . . . . 1 3 . 2 . 2 Targets Rammed 41 | . 6 . 11 2 1 . 12 1 . . . . . . . . . . . . . . . . . . . 1 3 . 2 . 2 Kicked 12 | . . . . . . . 12 . . . . . . . . . . . . . . . . . . . . . . . . . . Crushed 1 | . 1 . . . . . . . . . . . . . . . . . . . . . . . . . . . . . . . . Highest Temperature 345 | . 169 . 30 77 . 60 220 138 172 48 . 261 39 208 176 . 102 . . 41 . . 131 . . . . 36 326 123 345 . . Average Temperature 61 | . 56 . 9 30 . 34 77 52 43 22 . 118 22 84 75 . 26 . . 13 . . 84 . . . . 14 97 20 182 . . Received Heat Transfer 3756 | . 279 . 225 104 . . 342 90 63 8 . . . 200 151 . 704 12 . 320 9 . 63 45 . 25 68 9 164 617 198 18 42 Effects 5 | . . . . . . . 2 . . . . 2 . . . . . . . . . . . . . . . . 1 . . . . Interference 4 | . . . . . . . 2 . . . . 2 . . . . . . . . . . . . . . . . . . . . . Damage (minor) 1 | . . . . . . . . . . . . . . . . . . . . . . . . . . . . . 1 . . . . Siege Activations 1 | . . . . . . . . . . . . . . . . . . . . . . . . . 1 . . . . . . . . Total Turns 10 | . . . . . . . . . . . . . . . . . . . . . . . . . 10 . . . . . . . . Longest Duration 10 | . . . . . . . . . . . . . . . . . . . . . . . . . 10 . . . . . . . . Robots Corrupted 15 | . . . . . . . . . . . . . . . . . 1 . . . . . . . . . . . 3 9 2 . . Combat Hostiles 14 | . . . . . . . . . . . . . . . . . 1 . . . . . . . . . . . 3 8 2 . . Parts Fried 35 | . . . . . . . . . . . . . . . 6 . . . . . . . . . . . . . 4 19 6 . . Impact Corruptions 3 | . . . . . . . . . . . . . . . 2 . . . . . . . . . . . . . 1 . . . . Robots Melted . | . . . . . . . . . . . . . . . . . . . . . . . . . . . . . . . . . . Combat Hostiles . | . . . . . . . . . . . . . . . . . . . . . . . . . . . . . . . . . . Parts Melted 13 | . . . . . . . . . . . . . . . . . 6 . . 2 . . 1 1 . . 2 . 1 . . . . Heat Transferred 10603 | . 1050 . 100 . 27 . . . . . . . . . . . 481 175 . 775 125 1295 800 575 400 450 1354 1646 400 800 150 . . Parts Sabotaged . | . . . . . . . . . . . . . . . . . . . . . . . . . . . . . . . . . . Parts Stolen 8 | . . . . . . . . . . 3 . . . . 3 . . . . . 2 . . . . . . . . . . . . Parts Stripped . | . . . . . . . . . . . . . . . . . . . . . . . . . . . . . . . . . . Power Chain Reactions 2 | . 1 . . . . . . . . . . . . . . . . . . . . . . . . . . . . . 1 . . Missiles Intercepted . | . . . . . . . . . . . . . . . . . . . . . . . . . . . . . . . . . . Alert | -11 -10 -10 -9 -9 -9 -8 -8 -7 -7 -7 -7 -6 -6 -6 -6 -6 -6 -5 -5 -5 -5 -5 -4 -4 -4 -4 -4 -3 -3 -3 -2 -1 -1 ------- Run | Jun Mat Min Mat Min Exi Min Mat Fac Low Low Dat Pro Fac Low Low Zio Dee Pro Fac Upp Upp Zhi Pro Fac Upp Upp War Pro Res Tes Res Acc Com Peak Influence 707 | . 271 48 707 367 . 91 286 149 . . . . 85 . . . . . 323 . . . . 149 . . . . 387 325 177 186 207 Initial 300 | . . 48 18 275 . . 35 56 . . . . . . . . . . 300 . . . . 44 . . . . . 200 32 36 118 Average 146 | . 143 48 208 248 . 49 95 68 . . . . 17 . . . . . 308 . . . . 73 . . . . 268 187 52 89 156 Maximum Alert Level 3 | . 1 . 3 1 . . 1 . . . . . . . . . . . 1 . . . . . . . . . 1 1 . . 1 Low Security (%) 74 | 100 81 100 71 19 . 100 93 100 . . . . 100 . . . . . . . . . . 100 . . . . 27 49 100 100 98 Level 1 22 | . 18 . 13 80 . . 6 . . . . . . . . . . . 100 . . . . . . . . . 72 50 . . 1 Level 2 2 | . . . 14 . . . . . . . . . . . . . . . . . . . . . . . . . . . . . . Level 3 . | . . . . . . . . . . . . . . . . . . . . . . . . . . . . . . . . . . Level 4 . | . . . . . . . . . . . . . . . . . . . . . . . . . . . . . . . . . . Level 5 . | . . . . . . . . . . . . . . . . . . . . . . . . . . . . . . . . . . High Security . | . . . . . . . . . . . . . . . . . . . . . . . . . . . . . . . . . . Max Security . | . . . . . . . . . . . . . . . . . . . . . . . . . . . . . . . . . . Squads Dispatched 39 | . 2 . 5 2 . . . 6 . . . . 5 . . . . . . . . . . 2 . . . . 7 6 . 3 1 Investigation 7 | . 1 . 1 . . . . 1 . . . . 2 . . . . . . . . . . . . . . . . 1 . 1 . Extermination 6 | . . . . . . . . 2 . . . . 1 . . . . . . . . . . . . . . . 1 2 . . . Reinforcement 22 | . 1 . 4 1 . . . 3 . . . . 2 . . . . . . . . . . 2 . . . . 3 3 . 2 1 Assault 1 | . . . . 1 . . . . . . . . . . . . . . . . . . . . . . . . . . . . . Garrison 3 | . . . . . . . . . . . . . . . . . . . . . . . . . . . . . 3 . . . . Intercept . | . . . . . . . . . . . . . . . . . . . . . . . . . . . . . . . . . . Searches Triggered . | . . . . . . . . . . . . . . . . . . . . . . . . . . . . . . . . . . Data Miner Redirects 1 | . . . . . . . . . . . . . . . . . . . . . . . . . . . . . . 1 . . . Construction Impeded 3 | . . . . 1 . . . . . . . . . . . . . . . . . . . 1 . . . . 1 . . . . Haulers Reinforced 1 | . . . . . . . . 1 . . . . . . . . . . . . . . . . . . . . . . . . . Active Scanning Responses . | . . . . . . . . . . . . . . . . . . . . . . . . . . . . . . . . . . Cargo Convoy Interrupts . | . . . . . . . . . . . . . . . . . . . . . . . . . . . . . . . . . . Stealth | -11 -10 -10 -9 -9 -9 -8 -8 -7 -7 -7 -7 -6 -6 -6 -6 -6 -6 -5 -5 -5 -5 -5 -4 -4 -4 -4 -4 -3 -3 -3 -2 -1 -1 --------- Run | Jun Mat Min Mat Min Exi Min Mat Fac Low Low Dat Pro Fac Low Low Zio Dee Pro Fac Upp Upp Zhi Pro Fac Upp Upp War Pro Res Tes Res Acc Com Distress Signals 13 | . 2 . 5 . . . 2 . . . . . . . . . . . . . . . . . . . 1 . . . 3 . . Communications Jammed . | . . . . . . . . . . . . . . . . . . . . . . . . . . . . . . . . . . Distress Signals . | . . . . . . . . . . . . . . . . . . . . . . . . . . . . . . . . . . Times Spotted 487 | . 20 . 52 16 1 4 33 11 9 9 . 3 2 9 18 . 9 8 . 11 8 . 13 5 4 6 92 10 46 20 37 19 12 Peak Tracking Total 17 | . 3 . 5 4 2 4 4 2 4 4 . 5 1 4 9 . 4 4 . 3 4 . 4 5 2 3 17 5 17 4 9 9 10 Tactical Retreats 39 | . . . 3 . . . 2 . 1 . . . . 1 5 . . 1 . 2 . . . . . 1 1 4 5 . 8 4 1 Traps | -11 -10 -10 -9 -9 -9 -8 -8 -7 -7 -7 -7 -6 -6 -6 -6 -6 -6 -5 -5 -5 -5 -5 -4 -4 -4 -4 -4 -3 -3 -3 -2 -1 -1 ------- Run | Jun Mat Min Mat Min Exi Min Mat Fac Low Low Dat Pro Fac Low Low Zio Dee Pro Fac Upp Upp Zhi Pro Fac Upp Upp War Pro Res Tes Res Acc Com Traps Triggered 22 | . 1 . 1 . . . . 3 . . . . 2 . . . . . 1 . . . . . . . . . . 5 . 1 8 Indirectly . | . . . . . . . . . . . . . . . . . . . . . . . . . . . . . . . . . . Trap Hack Attempts . | . . . . . . . . . . . . . . . . . . . . . . . . . . . . . . . . . . Triggered . | . . . . . . . . . . . . . . . . . . . . . . . . . . . . . . . . . . Disarmed . | . . . . . . . . . . . . . . . . . . . . . . . . . . . . . . . . . . Reprogrammed . | . . . . . . . . . . . . . . . . . . . . . . . . . . . . . . . . . . Reused . | . . . . . . . . . . . . . . . . . . . . . . . . . . . . . . . . . . Traps Extracted . | . . . . . . . . . . . . . . . . . . . . . . . . . . . . . . . . . . Installed . | . . . . . . . . . . . . . . . . . . . . . . . . . . . . . . . . . . Triggered 30 | . . . . . . . . . . . . . . . . . . . . . . . . . 2 2 26 . . . . . . Machines | -11 -10 -10 -9 -9 -9 -8 -8 -7 -7 -7 -7 -6 -6 -6 -6 -6 -6 -5 -5 -5 -5 -5 -4 -4 -4 -4 -4 -3 -3 -3 -2 -1 -1 ---------- Run | Jun Mat Min Mat Min Exi Min Mat Fac Low Low Dat Pro Fac Low Low Zio Dee Pro Fac Upp Upp Zhi Pro Fac Upp Upp War Pro Res Tes Res Acc Com Machines Disabled 16 | . 2 . 2 . . . 1 . . . . . 1 . . . 1 . . . . . . . . . 3 . 1 5 . . . Max in Single Turn 2 | . 2 . 2 . . . 1 . . . . . . . . . 1 . . . . . . . . . 1 . 1 1 . . . Garrison Access 1 | . . . . . . . . . . . . . . . . . . . . . . . . . . . . . . . 1 . . Machines Repaired . | . . . . . . . . . . . . . . . . . . . . . . . . . . . . . . . . . . Machines Sabotaged . | . . . . . . . . . . . . . . . . . . . . . . . . . . . . . . . . . . Overloaded Fab Kills . | . . . . . . . . . . . . . . . . . . . . . . . . . . . . . . . . . . Hacking | -11 -10 -10 -9 -9 -9 -8 -8 -7 -7 -7 -7 -6 -6 -6 -6 -6 -6 -5 -5 -5 -5 -5 -4 -4 -4 -4 -4 -3 -3 -3 -2 -1 -1 --------- Run | Jun Mat Min Mat Min Exi Min Mat Fac Low Low Dat Pro Fac Low Low Zio Dee Pro Fac Upp Upp Zhi Pro Fac Upp Upp War Pro Res Tes Res Acc Com Machines Accessed 40 | . 5 . 6 1 2 . 6 4 . . 3 . 2 . . . . . 1 . . 4 . . 1 1 . . 1 2 . . 1 Terminals 21 | . 5 . 4 1 . . 4 3 . . . . . . . . . . 1 . . . . . . . . . 1 1 . . 1 Fabricators 2 | . . . . . . . . 1 . . . . 1 . . . . . . . . . . . . . . . . . . . . Repair Stations 3 | . . . 1 . . . 1 . . . . . 1 . . . . . . . . . . . . . . . . . . . . Recycling Units . | . . . . . . . . . . . . . . . . . . . . . . . . . . . . . . . . . . Scanalyzers 3 | . . . 1 . . . 1 . . . . . . . . . . . . . . . . . . . . . . 1 . . . Garrison Access . | . . . . . . . . . . . . . . . . . . . . . . . . . . . . . . . . . . Total Hacks 127 | . 13 . 18 1 2 . 20 7 . . 26 . 5 . . . . . 6 . . 17 . . 1 1 . . 3 6 . . 1 Successful 82 | . 5 . 9 . 2 . 8 4 . . 26 . 1 . . . . . 4 . . 17 . . 1 1 . . 1 2 . . 1 Failed 43 | . 7 . 8 1 . . 12 3 . . . . 4 . . . . . 2 . . . . . . . . . 2 4 . . . Catastrophic 10 | . 3 . . . . . 2 1 . . . . 1 . . . . . . . . . . . . . . . 1 2 . . . Database Lockouts 2 | . 1 . 1 . . . . . . . . . . . . . . . . . . . . . . . . . . . . . . Manual 47 | . 14 . 9 1 1 . 8 1 . . . . . . . . . . 5 . . . . . . . 1 . . 6 . . 1 Terminals 60 | . 13 . 11 1 . . 15 5 . . . . . . . . . . 6 . . . . . . . . . 3 5 . . 1 Fabricators 4 | . . . . . . . . 2 . . . . 2 . . . . . . . . . . . . . . . . . . . . Repair Stations 11 | . . . 5 . . . 3 . . . . . 3 . . . . . . . . . . . . . . . . . . . . Recycling Units . | . . . . . . . . . . . . . . . . . . . . . . . . . . . . . . . . . . Scanalyzers 5 | . . . 2 . . . 2 . . . . . . . . . . . . . . . . . . . . . . 1 . . . Garrison Access . | . . . . . . . . . . . . . . . . . . . . . . . . . . . . . . . . . . Terminal Hacks 70 | . 4 . 3 . 2 . 7 3 . . 26 . . . . . . . 4 . . 17 . . 1 1 . . 1 1 . . . Record 12 | . . . . . 1 . . . . . 6 . . . . . . . . . . 5 . . . . . . . . . . . Part Schematic 17 | . . . . . . . . . . . 12 . . . . . . . 1 . . 4 . . . . . . . . . . . Robot Schematic 5 | . . . . . . . . . . . 5 . . . . . . . . . . . . . . . . . . . . . . Robot Analysis 8 | . 1 . 2 . . . 1 . . . . . . . . . . . . . . 4 . . . . . . . . . . . Prototype ID Bank 7 | . . . . . . . . . . . 3 . . . . . . . . . . 4 . . . . . . . . . . . Open Door 2 | . . . . . . . . . . . . . . . . . . . . . . . . . 1 1 . . . . . . . Branch Access Points 3 | . . . . . . . . 1 . . . . . . . . . . 1 . . . . . . . . . 1 . . . . Terminal Index 2 | . . . . . . . . 1 . . . . . . . . . . 1 . . . . . . . . . . . . . . Unreport Threat 2 | . . . . . . . 1 . . . . . . . . . . . . . . . . . . . . . . 1 . . . Locate Traps 2 | . 1 . . . . . 1 . . . . . . . . . . . . . . . . . . . . . . . . . . Hauler Manifests 4 | . . . 1 . . . 2 . . . . . . . . . . . 1 . . . . . . . . . . . . . . Registered Prototypes 1 | . . . . . . . 1 . . . . . . . . . . . . . . . . . . . . . . . . . . Zone Layout 4 | . 2 . . . . . 1 1 . . . . . . . . . . . . . . . . . . . . . . . . . EX-Prototype ID Bank 1 | . . . . . 1 . . . . . . . . . . . . . . . . . . . . . . . . . . . . Fabricator Hacks 1 | . . . . . . . . 1 . . . . . . . . . . . . . . . . . . . . . . . . . Network Status 1 | . . . . . . . . 1 . . . . . . . . . . . . . . . . . . . . . . . . . Repair Station Hacks 6 | . . . 4 . . . 1 . . . . . 1 . . . . . . . . . . . . . . . . . . . . Scan Component 4 | . . . 2 . . . 1 . . . . . 1 . . . . . . . . . . . . . . . . . . . . Repair 2 | . . . 2 . . . . . . . . . . . . . . . . . . . . . . . . . . . . . . Recycling Unit Hacks . | . . . . . . . . . . . . . . . . . . . . . . . . . . . . . . . . . . Scanalyzer 2 | . . . 2 . . . . . . . . . . . . . . . . . . . . . . . . . . . . . . Insert Component 1 | . . . 1 . . . . . . . . . . . . . . . . . . . . . . . . . . . . . . Analyze 1 | . . . 1 . . . . . . . . . . . . . . . . . . . . . . . . . . . . . . Garrison Access Hacks . | . . . . . . . . . . . . . . . . . . . . . . . . . . . . . . . . . . Unauthorized Hacks 3 | . 1 . . . . . . . . . . . . . . . . . . . . . . . . . . . . 1 . . 1 Terminals 2 | . 1 . . . . . . . . . . . . . . . . . . . . . . . . . . . . . . . 1 Track 1 | . . . . . . . . . . . . . . . . . . . . . . . . . . . . . . . . . 1 Botnet 1 | . 1 . . . . . . . . . . . . . . . . . . . . . . . . . . . . . . . . Fabricators . | . . . . . . . . . . . . . . . . . . . . . . . . . . . . . . . . . . Repair Stations . | . . . . . . . . . . . . . . . . . . . . . . . . . . . . . . . . . . Recycling Units . | . . . . . . . . . . . . . . . . . . . . . . . . . . . . . . . . . . Scanalyzers 1 | . . . . . . . . . . . . . . . . . . . . . . . . . . . . . . 1 . . . Researchers 1 | . . . . . . . . . . . . . . . . . . . . . . . . . . . . . . 1 . . . Garrison Access . | . . . . . . . . . . . . . . . . . . . . . . . . . . . . . . . . . . Data Cores Recovered 1 | . . . . . . . 1 . . . . . . . . . . . . . . . . . . . . . . . . . . Used . | . . . . . . . . . . . . . . . . . . . . . . . . . . . . . . . . . . Hacking Detections 26 | . 4 . 5 1 . . 6 4 . . . . 2 . . . . . 1 . . . . . . . . . 1 1 . . 1 Full Trace Events 4 | . . . 1 . . . . . . . . . 2 . . . . . . . . . . . . . . . . 1 . . . Feedback Events . | . . . . . . . . . . . . . . . . . . . . . . . . . . . . . . . . . . Feedback Blocked . | . . . . . . . . . . . . . . . . . . . . . . . . . . . . . . . . . . Robot Schematics Acquired 5 | . . . . . . . . . . . 5 . . . . . . . . . . . . . . . . . . . . . . Robots Built . | . . . . . . . . . . . . . . . . . . . . . . . . . . . . . . . . . . Authchips . | . . . . . . . . . . . . . . . . . . . . . . . . . . . . . . . . . . Time . | . . . . . . . . . . . . . . . . . . . . . . . . . . . . . . . . . . Total Robot Build Rating . | . . . . . . . . . . . . . . . . . . . . . . . . . . . . . . . . . . Part Schematics Acquired 18 | . . . 1 . . . . . . . 12 . . . . . . . 1 . . 4 . . . . . . . . . . . Parts Built . | . . . . . . . . . . . . . . . . . . . . . . . . . . . . . . . . . . Authchips . | . . . . . . . . . . . . . . . . . . . . . . . . . . . . . . . . . . Time . | . . . . . . . . . . . . . . . . . . . . . . . . . . . . . . . . . . Total Part Build Rating . | . . . . . . . . . . . . . . . . . . . . . . . . . . . . . . . . . . Parts Repaired 2 | . . . 2 . . . . . . . . . . . . . . . . . . . . . . . . . . . . . . Time 52 | . . . 52 . . . . . . . . . . . . . . . . . . . . . . . . . . . . . . Parts Recycled . | . . . . . . . . . . . . . . . . . . . . . . . . . . . . . . . . . . Recycled Matter . | . . . . . . . . . . . . . . . . . . . . . . . . . . . . . . . . . . Retrieved Matter . | . . . . . . . . . . . . . . . . . . . . . . . . . . . . . . . . . . Retrieved Components . | . . . . . . . . . . . . . . . . . . . . . . . . . . . . . . . . . . Parts Scanalyzed 1 | . . . 1 . . . . . . . . . . . . . . . . . . . . . . . . . . . . . . Part Schematics Acquired 1 | . . . 1 . . . . . . . . . . . . . . . . . . . . . . . . . . . . . . Parts Damaged . | . . . . . . . . . . . . . . . . . . . . . . . . . . . . . . . . . . Bothacking | -11 -10 -10 -9 -9 -9 -8 -8 -7 -7 -7 -7 -6 -6 -6 -6 -6 -6 -5 -5 -5 -5 -5 -4 -4 -4 -4 -4 -3 -3 -3 -2 -1 -1 ------------ Run | Jun Mat Min Mat Min Exi Min Mat Fac Low Low Dat Pro Fac Low Low Zio Dee Pro Fac Upp Upp Zhi Pro Fac Upp Upp War Pro Res Tes Res Acc Com Used RIF Installer . | . . . . . . . . . . . . . . . . . . . . . . . . . . . . . . . . . . Robots Hacked . | . . . . . . . . . . . . . . . . . . . . . . . . . . . . . . . . . . Non-combat . | . . . . . . . . . . . . . . . . . . . . . . . . . . . . . . . . . . Combat . | . . . . . . . . . . . . . . . . . . . . . . . . . . . . . . . . . . Robot Hacks Applied . | . . . . . . . . . . . . . . . . . . . . . . . . . . . . . . . . . . Relay Couplers Released . | . . . . . . . . . . . . . . . . . . . . . . . . . . . . . . . . . . Fabnet Peak Effective % . | . . . . . . . . . . . . . . . . . . . . . . . . . . . . . . . . . . Robots Rewired 7 | . . . . . . . . . . . . 1 . . . . . . . . . . . . . . 5 . . 1 . . . Allies Hacked 1 | . . . . . . . . . . . . . . . . . . . . . . . . . . . 1 . . . . . . Hacks Repelled . | . . . . . . . . . . . . . . . . . . . . . . . . . . . . . . . . . . Allies | -11 -10 -10 -9 -9 -9 -8 -8 -7 -7 -7 -7 -6 -6 -6 -6 -6 -6 -5 -5 -5 -5 -5 -4 -4 -4 -4 -4 -3 -3 -3 -2 -1 -1 -------- Run | Jun Mat Min Mat Min Exi Min Mat Fac Low Low Dat Pro Fac Low Low Zio Dee Pro Fac Upp Upp Zhi Pro Fac Upp Upp War Pro Res Tes Res Acc Com Total Allies 12 | . . . . 1 . . . . . . . 2 . . . . . . . . . . . . . . 8 . . 1 . . . Largest Group 5 | . . . . 1 . . . . . . . 2 2 2 . . . . . . . . . . . . 5 3 . 1 . . . Highest-Rated Group 378 | . . . . 31 . . . . . . . 125 125 116 . . . . . . . . . . . . 378 378 . 47 . . . Highest-Rated Ally 129 | . . . . 31 . . . . . . . 96 96 96 . . . . . . . . . . . . 129 129 . 47 . . . Total Orders 14 | . . . . . . . . . . . . . . . . . . . . . . . 4 . . . 4 3 . . 3 . . STAY 4 | . . . . . . . . . . . . . . . . . . . . . . . . . . . 2 2 . . . . . FOLLOW 3 | . . . . . . . . . . . . . . . . . . . . . . . . . . . 2 1 . . . . . EXPLORE 7 | . . . . . . . . . . . . . . . . . . . . . . . 4 . . . . . . . 3 . . Ally Attacks 62 | . . . . 12 . . . . . . . 9 4 1 . . . . . . . . . . . . 32 1 . 3 . . . Total Damage 3157 | . . . . 105 . . . . . . . 332 116 47 . . . . . . . . . . . . 2305 173 . 79 . . . Kills 20 | . . . . 3 . . . . . . . 4 . 1 . . . . . . . . . . . . 10 2 . . . . . Allies Corrupted 2 | . . . . . . . . . . . . . . . . . . . . . . . . . . . 2 . . . . . . Allies Melted 3 | . . . . . . . . . . . . . . . . . . . . . . . . . . . 1 . . . 2 . . Field Lobotomies 3 | . . . . . . . . . . . . . . . . . . . . . . . . . . . 3 . . . . . . Intel | -11 -10 -10 -9 -9 -9 -8 -8 -7 -7 -7 -7 -6 -6 -6 -6 -6 -6 -5 -5 -5 -5 -5 -4 -4 -4 -4 -4 -3 -3 -3 -2 -1 -1 ------- Run | Jun Mat Min Mat Min Exi Min Mat Fac Low Low Dat Pro Fac Low Low Zio Dee Pro Fac Upp Upp Zhi Pro Fac Upp Upp War Pro Res Tes Res Acc Com Robot Analysis Total 8 | . 1 . 2 . . . 1 . . . . . . . . . . . . . . 4 . . . . . . . . . . . Derelict Logs Recovered 14 | . . . . 1 . . . . 2 2 . 1 . 1 1 1 . 2 . 1 1 . 1 . . . . . . . . . . Drone Launches 16 | . . . . . . . . . . . . . . . . . . . . . . . 4 . . . . . . . 12 . . Drone Recoveries 6 | . . . . . . . . . . . . . . . . . . . . . . . 2 . . . . . . . 4 . . Exploration | -11 -10 -10 -9 -9 -9 -8 -8 -7 -7 -7 -7 -6 -6 -6 -6 -6 -6 -5 -5 -5 -5 -5 -4 -4 -4 -4 -4 -3 -3 -3 -2 -1 -1 ------------- Run | Jun Mat Min Mat Min Exi Min Mat Fac Low Low Dat Pro Fac Low Low Zio Dee Pro Fac Upp Upp Zhi Pro Fac Upp Upp War Pro Res Tes Res Acc Com Turns Passed 26982 | 72 1095 260 2238 917 863 114 1591 1141 730 368 99 502 417 908 688 1343 2258 1077 354 851 410 957 563 215 605 583 2068 886 581 881 979 191 177 Spaces Moved 15124 | 42 536 160 1080 478 403 35 669 706 487 228 77 335 268 564 337 1008 1136 552 157 350 186 165 223 76 269 253 796 725 542 621 1167 264 229 Core 218 | 5 . . . . . . . . . . . . . . . . . . . . . . . . . . . . . . 209 . 4 Treads 2750 | 37 536 160 1080 478 403 28 . . . . . . . . 1 . 27 . . . . . . . . . . . . . . . . Legs 3709 | . . . . . . . 582 46 . . . . . . . . 18 552 157 350 186 165 223 76 269 253 796 30 . . 6 . . Wheels 4221 | . . . . . . 7 87 660 487 228 77 335 268 564 336 1008 164 . . . . . . . . . . . . . . . . Hover 4226 | . . . . . . . . . . . . . . . . . 927 . . . . . . . . . . 695 542 621 952 264 225 Flight . | . . . . . . . . . . . . . . . . . . . . . . . . . . . . . . . . . . Fastest Speed 45 | 50 160 160 160 160 160 170 170 130 130 130 130 145 130 130 130 130 110 180 180 180 180 180 180 210 210 210 210 48 45 45 47 57 50 Average Speed 139 | 146 160 160 160 160 162 246 192 133 140 143 130 145 142 140 141 130 129 180 208 204 200 180 209 210 210 210 210 74 45 91 60 70 72 Slowest Speed 860 | 160 160 160 160 160 240 320 230 187 145 145 130 145 145 145 312 145 680 180 210 210 210 210 210 210 210 210 210 860 45 267 250 71 150 Overloaded Moves . | . . . . . . . . . . . . . . . . . . . . . . . . . . . . . . . . . . Propulsion Burnouts . | . . . . . . . . . . . . . . . . . . . . . . . . . . . . . . . . . . Robots Hopped . | . . . . . . . . . . . . . . . . . . . . . . . . . . . . . . . . . . Cave-ins Triggered . | . . . . . . . . . . . . . . . . . . . . . . . . . . . . . . . . . . Teleports 1 | . . . . . . . . . . . . . . . . . . . . . . . . . . . . . 1 . . . . Exploration Rate (%) 49 | 4 95 42 88 80 70 14 52 26 71 43 68 56 9 73 50 85 77 62 4 59 40 60 62 3 55 51 77 66 14 66 42 10 13 Regions Visited 33 Branch Regions 23 Pre-discovered Areas 7 | . . . . 1 1 . . . . . 1 . . 1 . . . . . . . 3 . . . . . . . . . . . Known Exits Taken 11 | . . . . . . . . 1 1 . . . 1 . . . . 1 1 . . . . 1 1 1 1 1 1 . . . . Unknown Exits Taken 22 | 1 1 1 1 1 1 1 1 . . 1 1 1 . 1 1 1 1 . . 1 1 1 1 . . . . . . 1 1 1 . Scrap Searched 25 | . . . . 2 . . . . 1 . . 2 . 2 1 2 . 3 . 4 2 . . . 3 2 . 1 . . . . . Spaces Dug 140 | . . . . . . 11 2 3 1 . . . 3 3 . 2 27 7 3 4 31 . 2 . . . 14 4 16 7 . . . Terrain Destroyed 642 | . 30 . 48 27 . 11 2 3 11 20 . 1 3 18 2 2 57 60 3 25 107 . 44 4 6 4 94 12 34 10 4 . . Melee 15 | . . . . . . . 2 3 1 . . . 3 3 . 2 1 . . . . . . . . . . . . . . . . Projectile 158 | . . . . . . . . . . 1 . . . 15 2 . 5 19 3 9 1 . 13 4 6 4 28 12 26 10 . . . AOE 466 | . 30 . 48 27 . 11 . . 9 19 . . . . . . 50 41 . 16 106 . 31 . . . 66 . 8 . 4 . . Terrain Rammed . | . . . . . . . . . . . . . . . . . . . . . . . . . . . . . . . . . . Walls Destroyed . | . . . . . . . . . . . . . . . . . . . . . . . . . . . . . . . . . . Machines Disabled . | . . . . . . . . . . . . . . . . . . . . . . . . . . . . . . . . . . Actions | -11 -10 -10 -9 -9 -9 -8 -8 -7 -7 -7 -7 -6 -6 -6 -6 -6 -6 -5 -5 -5 -5 -5 -4 -4 -4 -4 -4 -3 -3 -3 -2 -1 -1 --------- Run | Jun Mat Min Mat Min Exi Min Mat Fac Low Low Dat Pro Fac Low Low Zio Dee Pro Fac Upp Upp Zhi Pro Fac Upp Upp War Pro Res Tes Res Acc Com Total 19380 | 49 645 163 1407 579 535 49 869 847 509 254 76 347 288 642 521 1034 1821 608 182 445 207 758 269 103 289 283 1064 959 811 835 1426 266 240 Wait 2463 | . 23 . 150 62 56 . 99 68 . 1 . 3 . 31 151 . 499 1 5 60 2 515 14 4 6 17 136 101 183 71 205 . . Move 15092 | 41 535 159 1079 477 402 34 668 705 486 227 76 334 267 563 336 1007 1135 551 156 349 185 164 222 75 268 252 795 724 542 620 1166 263 229 Hop . | . . . . . . . . . . . . . . . . . . . . . . . . . . . . . . . . . . Pick Up 183 | 2 6 2 20 . 11 1 8 3 . 6 . 2 3 2 5 8 25 17 1 3 2 8 1 2 2 1 6 23 5 7 1 . . Fast Attach 114 | 6 2 . 3 1 5 1 7 6 2 . . . 2 3 1 4 19 2 1 . 2 3 1 2 . 1 2 9 . 6 21 1 1 Attach 77 | . 3 . 3 . 5 2 . 2 1 2 . 1 2 2 4 1 15 . 3 . . 5 . 1 . . . 5 3 13 3 1 . Detach 91 | . 1 . 2 1 3 . . 2 1 2 . . 1 4 1 2 9 2 6 3 3 13 1 1 . . 3 13 1 10 5 . 1 Swap 130 | . . 2 13 4 8 2 2 3 6 2 . 1 4 8 1 1 18 2 5 6 3 4 2 . . . 9 2 10 8 4 . . Drop 170 | . 1 . 24 . 6 . 11 7 1 4 . . 2 6 5 7 32 5 2 1 2 9 3 3 2 1 6 9 3 8 10 . . Fire 887 | . 68 . 102 32 3 9 60 31 11 5 . 2 4 20 14 . 63 28 3 23 8 37 25 15 11 11 76 72 62 86 6 . . Melee 67 | . . . . . 35 . 2 3 1 5 . . 3 3 3 4 6 . . . . . . . . . . . . . 1 1 . Ram 8 | . . . . . . . . 1 . . . . . . . . . . . . . . . . . . . 1 2 . 2 . 2 Kick 12 | . . . . . . . 12 . . . . . . . . . . . . . . . . . . . . . . . . . . Crush 20 | . 6 . 11 2 1 . . . . . . . . . . . . . . . . . . . . . . . . . . . . Escape Stasis 23 | . . . . . . . . 16 . . . . . . . . . . . . . . . . . . . . . . . . 7 Rewire 43 | . . . . . . . . . . . . 4 . . . . . . . . . . . . . . 31 . . 6 2 . . Trap . | . . . . . . . . . . . . . . . . . . . . . . . . . . . . . . . . . . Miscellaneous . | . . . . . . . . . . . . . . . . . . . . . . . . . . . . . . . . . . Route ------- -11/Junkyard -10/Materials (discovered 4 exits: *Mat x3 / [*Min]) -10/Mines -9/Materials (discovered 3 exits: *Mat x2 / *Min) -9/Mines (discovered 3 exits: *Mat x2 / *Exi) -9/Exiles -8/Mines -8/Materials -7/Factory (discovered 4 exits: Sto x2 / *Low x2) -7/Lower Caves -7/Lower Caves -7/Data Miner -6/Proximity Caves -6/Factory (discovered 4 exits: Fac / *Low x2 / Ext) -6/Lower Caves -6/Lower Caves -6/Zion (discovered 2 exits: [*Dee] / [*Pro]) -6/Deep Caves -5/Proximity Caves -5/Factory (discovered 2 exits: *Upp x2) -5/Upper Caves -5/Upper Caves -5/Zhirov -4/Proximity Caves -4/Factory -4/Upper Caves -4/Upper Caves -4/Warlord -3/Proximity Caves -3/Research (discovered 4 exits: [*Res] / Arm / *Tes x2) -3/Testing -2/Research (discovered 3 exits: [*Acc x2] / [*Qua]) -1/Access -1/Command History --------- Turn | Location | Event 13 | -11/Junkyard | Discovered new exit (range 16) 73 | -11/Junkyard | Entered Materials 197 | -10/Materials | Discovered new exit (range 17) 310 | -10/Materials | Build established: Mutant 445 | -10/Materials | Discovered new exit (range 12) 460 | -10/Materials | Central database locked down 774 | -10/Materials | Discovered new exit (range 10) 1060 | -10/Materials | Discovered new exit (range 7) 1168 | -10/Materials | Entered Mines 1205 | -10/Mines | A weapon hastily lodged in a ceiling crevice suddenly fell to the ground 1261 | -10/Mines | Found a damaged Exp. Sensor Array with a note attached 1264 | -10/Mines | Found Prototype Device 1271 | -10/Mines | Identified Exp. Sensor Array 1393 | -10/Mines | Discovered new exit (range 12) 1428 | -10/Mines | Entered Materials 1428 | -9/Materials | Evolved 2 slots: Propulsion x1, Utility x1 2092 | -9/Materials | Discovered new exit (range 16) 2124 | -9/Materials | Central database locked down 2581 | -9/Materials | Repaired Lgt. Armor Plating 2608 | -9/Materials | Repaired Lgt. Armor Plating 2721 | -9/Materials | Discovered new exit (range 8) 3619 | -9/Materials | Discovered new exit (range 8) 3666 | -9/Materials | Entered Mines 3719 | -9/Mines | Met a Derelict bent on vengeance 3930 | -9/Mines | Met a Derelict testing a Signal Generator 4277 | -9/Mines | Discovered new exit (range 11) 4312 | -9/Mines | Discovered new exit (range 5) 4530 | -9/Mines | Learned location of Zion (-6) 4575 | -9/Mines | Deemed a non-threat by the Exiles lab entrance 4577 | -9/Mines | Discovered new exit (range 5) 4583 | -9/Mines | Entered Exiles 4622 | -9/Exiles | Met 8R-AWN 4649 | -9/Exiles | Met EX-HEX 4739 | -9/Exiles | Met EX-DEC 4870 | -9/Exiles | Discovered new exit (range 10) 4984 | -9/Exiles | Met EX-BIN 5003 | -9/Exiles | Aligned with FarCom system 5005 | -9/Exiles | Given EX-Vault access code 5045 | -9/Exiles | Opened EX-Vault 5056 | -9/Exiles | Found Field Lobotomy Kit 5060 | -9/Exiles | Found Deploy-a-Sentry 5063 | -9/Exiles | Found Deploy-a-Sentry 5065 | -9/Exiles | Found Deploy-a-Sentry 5070 | -9/Exiles | Found AWS/Gauss 5101 | -9/Exiles | Warned to stay clear of 0b10 Research branches 5115 | -9/Exiles | Exiles lab attacked by MAIN.C 5280 | -9/Exiles | Attacked by the Exiles 5286 | -9/Exiles | Core integrity fell below 50% 5399 | -9/Exiles | Destroyed 8R-AWN 5419 | -9/Exiles | Found Prototype Processor 5419 | -9/Exiles | Identified Exp. Targeting Computer 5422 | -9/Exiles | Lost 8 parts (1p4n2u1w) 5433 | -9/Exiles | Found Prototype Device 5433 | -9/Exiles | Identified AS-neutralizer No. 17b 5437 | -9/Exiles | Found Prototype Ballistic Gun 5441 | -9/Exiles | Found Prototype Ballistic Gun 5446 | -9/Exiles | Stole three prototypes: AWS/Gauss, Field Lobotomy Kit, Deploy-a-Sentry 5446 | -9/Exiles | Entered Mines 5526 | -8/Mines | Lost 3 parts (1n1u1w) 5551 | -8/Mines | Discovered new exit (range 4) 5560 | -8/Mines | Entered Materials 5560 | -8/Materials | Evolved 2 slots: Propulsion x1, Utility x1 6522 | -8/Materials | Discovered new exit (range 12) 7151 | -8/Materials | Entered Factory 7151 | -7/Factory | Evolved 2 slots: Utility x2 7500 | -7/Factory | Discovered new exit (range 12) 7813 | -7/Factory | Build established: Scavenger-Mutant 8242 | -7/Factory | Identified exit to Storage 8242 | -7/Factory | Identified exit to Lower Caves 8292 | -7/Factory | Entered Lower Caves 8294 | -7/Lower Caves | Attracted the attention of an 0b10 checkpoint 8499 | -7/Lower Caves | Identified 8R-AWN's Boregun (x2) 8525 | -7/Lower Caves | Identified exit to Lower Caves 8907 | -7/Lower Caves | Learned 4 Factory zone layouts 9022 | -7/Lower Caves | Entered another Lower Caves area 9041 | -7/Lower Caves | Attracted the attention of an 0b10 checkpoint 9332 | -7/Lower Caves | Discovered new exit (range 16) 9334 | -7/Lower Caves | Spotted 6P-BD2(f) 9336 | -7/Lower Caves | Encountered a Master Thief 9336 | -7/Lower Caves | Encountered a Master Thief 9336 | -7/Lower Caves | Encountered a Master Thief 9336 | -7/Lower Caves | Spotted S5-NAX(f) 9336 | -7/Lower Caves | Deploy-a-Sentry stolen by Master Thief 9337 | -7/Lower Caves | Encountered a Master Thief 9338 | -7/Lower Caves | Deploy-a-Sentry stolen by Master Thief 9343 | -7/Lower Caves | Deploy-a-Sentry stolen by Master Thief 9351 | -7/Lower Caves | Destroyed S5-NAX(f) 9390 | -7/Lower Caves | Entered Data Miner 9390 | -7/Data Miner | Discovered new exit (range 6) 9415 | -7/Data Miner | Met Data Miner 9437 | -7/Data Miner | Learned location of Section 7 (-2) 9437 | -7/Data Miner | Acquired the access code to Warlord's prototype stash 9458 | -7/Data Miner | Received God Mode back door access code from Data Miner 9489 | -7/Data Miner | Entered Proximity Caves 9595 | -6/Proximity Caves | Escorted by Enhanced Grunt 9621 | -6/Proximity Caves | Learned 8 Factory zone layouts 9975 | -6/Proximity Caves | Discovered new exit (range 5) 9991 | -6/Proximity Caves | Entered Factory 9991 | -6/Factory | Accompanied by 2 allies 9991 | -6/Factory | Evolved 2 slots: Power x1, Utility x1 9992 | -6/Factory | Identified exit to Lower Caves 9992 | -6/Factory | Identified exit to Extension 9993 | -6/Factory | Identified exit to Factory 10350 | -6/Factory | Discovered exit to Lower Caves (range 11) 10408 | -6/Factory | Entered Lower Caves 10408 | -6/Lower Caves | Accompanied by 2 allies 10595 | -6/Lower Caves | Encountered a Warlord checkpoint 10685 | -6/Lower Caves | Spotted B-75 Beast 11289 | -6/Lower Caves | Discovered new exit (range 15) 11316 | -6/Lower Caves | Entered another Lower Caves area 11550 | -6/Lower Caves | Learned Factory non-interactive machine intel 11614 | -6/Lower Caves | Attracted the attention of an 0b10 checkpoint 11630 | -6/Lower Caves | Attacked by a faux Warlord 11955 | -6/Lower Caves | Spotted NR-UQX(f) 11956 | -6/Lower Caves | Spotted UX-43K(f) 11956 | -6/Lower Caves | Spotted WI-56E(f) 11957 | -6/Lower Caves | Encountered a Master Thief 11957 | -6/Lower Caves | Encountered a Master Thief 11957 | -6/Lower Caves | Encountered a Master Thief 11958 | -6/Lower Caves | Spotted IF-34E(f) 11959 | -6/Lower Caves | Encountered a Master Thief 11959 | -6/Lower Caves | AWS/Gauss stolen by Master Thief 11960 | -6/Lower Caves | Antimatter Reactor stolen by Master Thief 11960 | -6/Lower Caves | Master Tearclaws stolen by Master Thief 11977 | -6/Lower Caves | Destroyed NR-UQX(f) 11982 | -6/Lower Caves | Discovered new exit (range 14) 12004 | -6/Lower Caves | Entered Zion 12014 | -6/Zion | Learned Factory emergency access door positions 12091 | -6/Zion | Found Prototype Device 12092 | -6/Zion | Identified Mobile Refinery Mk. CCLXVII 12197 | -6/Zion | Discovered new exit (range 16) 12264 | -6/Zion | System corruption cleaned by Quarantine Array 12484 | -6/Zion | Found Prototype Launcher 12484 | -6/Zion | Identified Rocket Array 12488 | -6/Zion | Found Prototype Launcher 12488 | -6/Zion | Identified Gui. Missile Launcher 13342 | -6/Zion | Discovered new exit (range 5) 13343 | -6/Zion | Saw the warning signs outside the Deep Caves entrance 13347 | -6/Zion | Entered Deep Caves 13409 | -6/Deep Caves | Found Surveybot 24 Scanner 13412 | -6/Deep Caves | Found Surveybot 24 Chip 13610 | -6/Deep Caves | Attacked by Z-Imprinter 13668 | -6/Deep Caves | Destroyed Z-Imprinter 13686 | -6/Deep Caves | Found Prototype Protection 13686 | -6/Deep Caves | Identified Zio. Weapon Casing 13699 | -6/Deep Caves | Lost 11 parts (2p3n4u2w) 13928 | -6/Deep Caves | Z-Facility disabled 13972 | -6/Deep Caves | Found Zio. Weapon Casing 14001 | -6/Deep Caves | Found Zio. Weapon Casing 14078 | -6/Deep Caves | Found Zio. Weapon Casing 14103 | -6/Deep Caves | Lost 3 parts (2n1u) 14109 | -6/Deep Caves | Found Zio. Weapon Casing 14382 | -6/Deep Caves | Discovered new exit (range 6) 14501 | -6/Deep Caves | Spotted as-18187 14527 | -6/Deep Caves | Core integrity fell below 50% 14536 | -6/Deep Caves | Destroyed as-18187 14566 | -6/Deep Caves | Lost 5 parts (2p1n2u) 14837 | -6/Deep Caves | Triggered Deep Caves wall 14841 | -6/Deep Caves | Exposed GOLEM chamber 14845 | -6/Deep Caves | Found GOLEM Unit 14850 | -6/Deep Caves | Found GOLEM Unit 15347 | -6/Deep Caves | Spotted AS-30139 15368 | -6/Deep Caves | Destroyed AS-30139 15605 | -6/Deep Caves | Entered Proximity Caves 15608 | -5/Proximity Caves | Spotter reported a threat 15608 | -5/Proximity Caves | Spotter reported a threat 15676 | -5/Proximity Caves | Spotted B-75 Beast 15845 | -5/Proximity Caves | Build established: Golem 16043 | -5/Proximity Caves | Learned Factory stockpile data 16651 | -5/Proximity Caves | Discovered exit to Factory (range 16) 16658 | -5/Proximity Caves | Learned Factory emergency access door positions 16682 | -5/Proximity Caves | Entered Factory 16682 | -5/Factory | Evolved 2 slots: Utility x2 16685 | -5/Factory | Loaded intel: 241 non-interactive machine locations 16774 | -5/Factory | Discovered new exit (range 24) 16942 | -5/Factory | Identified exit to Upper Caves 17036 | -5/Factory | Entered Upper Caves 17157 | -5/Upper Caves | Attracted the attention of an 0b10 checkpoint 17314 | -5/Upper Caves | Spotted B-75 Beast 17589 | -5/Upper Caves | Destroyed B-75 Beast 17809 | -5/Upper Caves | Discovered new exit (range 24) 17887 | -5/Upper Caves | Entered another Upper Caves area 17887 | -5/Upper Caves | Spotted WS-DJ4(f) 17888 | -5/Upper Caves | Encountered a Master Thief 17888 | -5/Upper Caves | Field Lobotomy Kit stolen by Master Thief 17889 | -5/Upper Caves | Spotted G5-HLO(f) 17890 | -5/Upper Caves | Encountered a Master Thief 17890 | -5/Upper Caves | Destroyed WS-DJ4(f) 17894 | -5/Upper Caves | Surveybot 24 Scanner stolen by Master Thief 17957 | -5/Upper Caves | Learned Factory stockpile data 18068 | -5/Upper Caves | Attracted the attention of an 0b10 checkpoint 18151 | -5/Upper Caves | Encountered a Warlord checkpoint 18225 | -5/Upper Caves | Discovered new exit (range 9) 18297 | -5/Upper Caves | Entered Zhirov 18298 | -5/Zhirov | Discovered new exit (range 3) 18333 | -5/Zhirov | Met Zhirov 18365 | -5/Zhirov | Learned location of Quarantine (-2) 18365 | -5/Zhirov | Learned location of Testing (-3) 18365 | -5/Zhirov | Learned location of Command (-1) 18381 | -5/Zhirov | Zhirov requested help retrieving the SGEMP Prototype 18408 | -5/Zhirov | Found Alien Artifact 18408 | -5/Zhirov | Identified Integrated Dissipator 18408 | -5/Zhirov | Installed Integrated Dissipator, increased core heat dissipation (+20) 18431 | -5/Zhirov | Found Alien Artifact 19234 | -5/Zhirov | Build established: Derelict-Golem 19254 | -5/Zhirov | Entered Proximity Caves 19393 | -4/Proximity Caves | Learned Research stockpile data 19506 | -4/Proximity Caves | Attracted the attention of an 0b10 checkpoint 19545 | -4/Proximity Caves | Build established: Golem 19796 | -4/Proximity Caves | Discovered new exit (range 11) 19817 | -4/Proximity Caves | Entered Factory 19817 | -4/Factory | Evolved 2 slots: Propulsion x1, Utility x1 20025 | -4/Factory | Discovered new exit (range 2) 20032 | -4/Factory | Identified exit to Upper Caves 20032 | -4/Factory | Entered Upper Caves 20625 | -4/Upper Caves | Discovered new exit (range 7) 20635 | -4/Upper Caves | Identified exit to Upper Caves 20637 | -4/Upper Caves | Entered another Upper Caves area 20683 | -4/Upper Caves | Encountered a Warlord checkpoint 20852 | -4/Upper Caves | Spotted B-86 Titan 20937 | -4/Upper Caves | Attracted the attention of an 0b10 checkpoint 21178 | -4/Upper Caves | Discovered new exit (range 10) 21194 | -4/Upper Caves | Identified exit to Warlord 21220 | -4/Upper Caves | Entered Warlord 21542 | -4/Warlord | Found Prototype Device 21555 | -4/Warlord | Identified Minesniffer Drone Bay 22015 | -4/Warlord | Build established: Commander-Golem 22349 | -4/Warlord | Met Warlord 22369 | -4/Warlord | Warlord's base attacked by MAIN.C 22376 | -4/Warlord | Opened Warlord's prototype stash 22387 | -4/Warlord | Found Prototype Device 22387 | -4/Warlord | Identified Exp. Phase Shifter 22398 | -4/Warlord | Found Prototype Hackware 22403 | -4/Warlord | Found Prototype Processor 22403 | -4/Warlord | Identified Exp. Core Analyzer 22683 | -4/Warlord | Build established: Golem 22719 | -4/Warlord | Warlord forces counterattacked 22721 | -4/Warlord | Spotted Executioner 22735 | -4/Warlord | Spotted B-90 Cyclops 22739 | -4/Warlord | Spotted Executioner 22746 | -4/Warlord | Destroyed B-90 Cyclops 22752 | -4/Warlord | Destroyed Executioner 22795 | -4/Warlord | Spotted Executioner 22795 | -4/Warlord | Spotted Striker 22834 | -4/Warlord | Spotted Striker 22844 | -4/Warlord | Destroyed 10 combat bots 22873 | -4/Warlord | Spotted Executioner 22885 | -4/Warlord | Spotted Striker 22888 | -4/Warlord | Spotted Striker 23038 | -4/Warlord | Spotted Striker 23044 | -4/Warlord | Warlord base infiltrated, sounded retreat 23052 | -4/Warlord | Destroyed 8 combat bots 23114 | -4/Warlord | Assimilated Enhanced Demolisher with FLK Orb 23122 | -4/Warlord | Assimilated Enhanced Demolisher with FLK Orb 23220 | -4/Warlord | Assimilated Enhanced Demolisher with FLK Orb 23244 | -4/Warlord | Discovered new exit (range 9) 23257 | -4/Warlord | Identified exit to Proximity Caves 23288 | -4/Warlord | Entered Proximity Caves 23288 | -3/Proximity Caves | Accompanied by 3 allies 23767 | -3/Proximity Caves | Found Prototype Device 24036 | -3/Proximity Caves | Build established: Scavenger-Mutant 24119 | -3/Proximity Caves | Spotted B-86 Titan 24168 | -3/Proximity Caves | Discovered new exit (range 11) 24173 | -3/Proximity Caves | Identified exit to Research 24174 | -3/Proximity Caves | Entered Research 24174 | -3/Research | Evolved 2 slots: Propulsion x1, Utility x1 24175 | -3/Research | Identified exit to Armory 24252 | -3/Research | Identified Ghost Barrier 24254 | -3/Research | Identified exit to Testing 24347 | -3/Research | Spotted B-86 Titan 24373 | -3/Research | Garrison activated, responded to threat 24375 | -3/Research | Identified Transdimensional Reconstructor 24375 | -3/Research | Warped through subspace 24746 | -3/Research | Discovered new exit (range 11) 24755 | -3/Research | Entered Testing 24783 | -3/Testing | Found Prototype Device 24783 | -3/Testing | Identified Exp. Hardlight Generator 24838 | -3/Testing | Found Prototype Device 24838 | -3/Testing | Identified AEGIS Remote Shield 24855 | -3/Testing | Incoming investigation squad redirected 24880 | -3/Testing | Found Prototype Energy Gun 24880 | -3/Testing | Identified Warp Gun 24984 | -3/Testing | Spotted PY-2Q6GBEEYLZ 25043 | -3/Testing | System corruption reached 10% 25095 | -3/Testing | Lost 5 parts (2p2n1u) 25181 | -3/Testing | Scanned by Researcher 25595 | -3/Testing | Lost 9 parts (2p3n3u1w) 25610 | -3/Testing | Discovered new exit (range 16) 25636 | -3/Testing | Entered Research 25636 | -2/Research | Warlord forces began assault on 0b10 25636 | -2/Research | Evolved 2 slots: Propulsion x1, Utility x1 25746 | -2/Research | Research machine network offline 25761 | -2/Research | Spotted B-90 Cyclops 25842 | -2/Research | Lost 4 parts (3u1w) 25991 | -2/Research | Discovered new exit (range 11) 26067 | -2/Research | Discovered new exit (range 40) 26088 | -2/Research | Found Prototype Device 26088 | -2/Research | Identified Exp. Transmission Jammer 26160 | -2/Research | Borebot progress halted 26237 | -2/Research | Spotted Striker 26292 | -2/Research | Spotted B-90 Cyclops 26304 | -2/Research | Met up with Warlord 26451 | -2/Research | Found Prototype Processor 26451 | -2/Research | Identified Exp. Core Analyzer 26453 | -2/Research | Found Exp. Core Analyzer 26479 | -2/Research | Spotted Striker 26495 | -2/Research | Borebot progress halted 26506 | -2/Research | Spotted Executioner 26508 | -2/Research | Spotted Executioner 26557 | -2/Research | Warlord destroyed during the assault 26594 | -2/Research | Discovered new exit (range 16) 26615 | -2/Research | Entered Access 26615 | -1/Access | Evolved 2 slots: Utility x2 26744 | -1/Access | Lost 3 parts (1u2w) 26801 | -1/Access | Discovered new exit (range 7) 26806 | -1/Access | Entered Command 26823 | -1/Command | Lost 3 parts (3u) 26959 | -1/Command | Spotted Alpha 7 26959 | -1/Command | Spotted Alpha 7 26959 | -1/Command | Spotted Striker 26959 | -1/Command | Spotted Striker 26959 | -1/Command | Spotted Executioner 26959 | -1/Command | Spotted Executioner 26959 | -1/Command | Spotted Executioner 26959 | -1/Command | Spotted Executioner 26960 | -1/Command | Spotted B-99 Colossus 26964 | -1/Command | Spotted B-99 Colossus 26974 | -1/Command | Core integrity fell below 50% 26982 | -1/Command | Core integrity fell below 20% 26983 | -1/Command | Destroyed by Executioner with Helical Railgun Last Messages --------------- 26981_ Field strength at 15. 26981_ Slug penetrates Striker. 26981_ Slug penetrates Executioner. 26981_ Slug penetrates Striker. 26981_ Slug penetrates Wall. 26982_ Field strength at 2. 26982_ Stasis field depleted. 26982_ Penetrated by Slug. 26982_ Stasis field depleted. 26983_ B-99 Colossus activates siege mode. 26983_ Knocked back. 26983_ Slug penetrates Striker. 26983_ Penetrated by Slug. 26983_ Slug penetrates Striker. 26983_ Penetrated by Slug. 26983_ Slug penetrates Executioner. 26983_ Penetrated by Slug. 26983_ Slug penetrates Striker. 26983_ Slug penetrates Door. 26983_ Penetrated by Slug. Map ----- +----------------------------------------------------+ | # ""#???????????????????????????????????? | | # ""#???????????????????????????????????? | | # ""#???????????????????????????????????? | | # "#???????????????????????????????????? | | # ###???????????????????????????????????? | | # #?????????????????????????????????????? | | ## #?????????????????????????????????????? | | ?# #?????????????????????????????????????? | | ?# #?????????????????????????????????????? | | ?# #?????????????????????????????????????? | | ?# #?????????????????????????????????????? | | ?# #?????????????????????????????????????? | | ?# #?????#???????????????????????????????? | | ## #???? #???????????????????????????????? | | #???? #???????????????????????????????? | | #??? #???????????????????????????????? | | # #???????????????????????????????? | | * + #???????????????????????????????? | | #?? #???????????????????????????????? | | ####### #? #???????????????????????????????? | | ??????# #? #?????????????###########???????? | | ??????# # #???#######?? #???????? | | ??????+ # #####[;;;;## #???????? | | ??????# + ##;# #%=!% #% #???????? | | ??????# ######## 7^7%^!K BB "????????????????? | | ??????# ;% %!K@ BB "????????????????? | | ??????# + %^^EE ^% ^"????????????????? | | ??????# +% ^E%^ "" ????????????? | | ??????# + ^ " ?????????? | | ??????# #####+#### BB "?"""" #???????? | | #????????### # # # ;BB ???? #???????? | | ####### #??????????######### ??????????? | | ??????# #??????????????????? #???????? | | ??????# #???????????????????#############???????? | | ??????# #???????????????????????????????????????? | | ??????# #???????????????????????????????????????? | | ??????# ???????????????????????????????????????? | | ??????# #???????????????????????????????????????? | | ??????# ????????????????????????????????????????? | | ??????# ????????????????????????????????????????? | | ?????? ????????????????????????????????????????? | | ?????? ?????????????????????????????????????????? | | ?????? ?????????????????????????????????????????? | | ?????????????????????????????????????????????????? | | ?????????????????????????????????????????????????? | | ?????????????????????????????????????????????????? | | ?????????????????????????????????????????????????? | | ?????????????????????????????????????????????????? | | ?????????????????????????????????????????????????? | | ?????????????????????????????????????????????????? | +----------------------------------------------------+ Best States ------------- Heat Dissipation 156 Energy Generation 49 Energy Capacity 1700 Matter Stores 300 Matter Capacity 300 Sight Range 23 Robot Scan Range 18 Terrain Scan Range 24 Terrain Scan Density 2010 Jamming Range 22 Additional Mass Support 20 Corruption Containment 12 Armor Coverage 900 Resistance: KI 30 Resistance: TH 15 Resistance: EX 15 Resistance: EM 20 Resistance: I 15 Resistance: S 15 Resistance: P 15 Weapon Shielding 100 Evasion (%) 56 Targeting Accuracy 12 Target Analysis 8 Core Analysis 12 Recoil Reduction 3 Offensive Hacking 11 Defensive Hacking 34 Authchip Count 2 Item Schematics ----------------- Wheel | -9/Materials | Scanalyzed Combat Drone Bay | -7/Data Miner | Free Lgt. Regenerative Plating | -7/Data Miner | Free Cld. Cesium-ion Thruster | -7/Data Miner | Free Exp. Propulsion Shielding | -7/Data Miner | Free Shock Maul | -7/Data Miner | Free Gyrokinetic Inverter | -7/Data Miner | Free Adv. Shield Generator | -7/Data Miner | Free Lrn. Proton Cannon | -7/Data Miner | Free Neutrino Core | -7/Data Miner | Free Imp. Thermal Shield | -7/Data Miner | Free Phase Gun | -7/Data Miner | Free Adv. Actuator Array | -7/Data Miner | Free Cmb. Gravmag System | -5/Factory | Hacked Assault Drone Bay | -5/Zhirov | Free Exp. Heat Sink | -5/Zhirov | Free Exp. Optical Array | -5/Zhirov | Free Imp. Arc Thrower | -5/Zhirov | Free Robot Schematics ------------------ A-15 Conveyor | -7/Data Miner | Free E-15 Imp | -7/Data Miner | Free B-48 Gladiator | -7/Data Miner | Free R-10 Processor | -7/Data Miner | Free G-50 Soldier | -7/Data Miner | Free Fabricated ------------ Nothing Alien Tech Used ----------------- Integrated Dissipator Transdimensional Reconstructor Achievements -------------- None Challenges ------------ None Game ------ Seed DroneAssaultBoosters Manual? 0 Play Time 03:08:38 Cumulative 402.4 hours Start 2023.04.05 @ 19:42:44 End 2023.04.05 @ 23:10:56 Sessions 1 Manual Loads 0 Difficulty Rogue Special Mode None Game No. 483 Rogue 396 Adventurer 87 Explorer 0 Win Type - Total 20 Types 7/0/11/1/1/0/0/0/0 Lore% 88 Gallery% 91 Achievement% 73 Wizard Run 0 Options --------- ASCII 0 Keyboard 1 Movement Numpad Keybinds 0 Fullscreen 1 Font 18/SmallcapsGlow Map View 76x50 Tactical HUD 1 Map Filters NONE Filters NONE Steam 1 RUN: 26f4139d-9be0-493a-a12e-fe41e187d4ac